 Dungeon Crawl Stone Soup version 0.30.1-11-g7821555f0a (webtiles) character file.

Game seed: 13773534976306095165

134 PaiMei the Grave Robber (level 4, 0/33 HPs)
             Began as a Demonspawn Necromancer on Jan 10, 2024.
             Succumbed to an adder's poison
             ... on level 2 of the Dungeon.
             The game lasted 00:02:05 (2072 turns).

PaiMei the Grave Robber (Demonspawn Necromancer)    Turns: 2072, Time: 00:02:05

Health: 0/33       AC:  2    Str:  9    XL:     4   Next: 95%
Magic:  0/8        EV: 12    Int: 24    God:
Gold:   136        SH:  0    Dex: 13    Spells: 7/8 levels left

rFire   . . .        i - +0 short sword
rCold   . . .        (no shield)
rNeg    . . .        a - +0 robe
rPois   .            (helmet restricted)
rElec   .            (no cloak)
rCorr   .            (no gloves)
SInv    .            (no boots)
Will    .....        (no amulet)
Stlth   ++           c - +6 ring of intelligence
HPRegen 0.25/turn    (no ring)
MPRegen 0.11/turn

%: no passive effects
@: lethally poisoned (0 -> -4)
A: antennae 1, foul stench 1, weakness stinger 1
a: no special abilities


You were on level 2 of the Dungeon.
You visited 1 branch of the dungeon, and saw 2 of its levels.

You collected 136 gold pieces.

Inventory:

Hand Weapons
 i - a +0 short sword (weapon)
Armour
 a - a +0 robe (worn)
Jewellery
 c - a +6 ring of intelligence (left hand)
Scrolls
 d - 2 scrolls of fear {unknown}
 e - a scroll of teleportation {unknown}
 g - a scroll of noise {unknown}
 h - 3 scrolls of identify {unknown}
 j - a scroll of magic mapping {unknown}
 m - a scroll of enchant armour {unknown}
Potions
 b - a potion of magic
 f - a potion of invisibility {unknown}
 k - 2 potions of curing {unknown}
 l - a potion of haste
 n - a potion of lignification {unknown}


   Skills:
 + Level 1.9 Fighting
 + Level 2.8 Dodging
 - Level 2.0 Stealth
 + Level 2.9 Spellcasting
 + Level 5.1 Necromancy


You had 7 spell levels left.
You knew the following spells:

 Your Spells              Type           Power      Damage    Failure   Level
a - Necrotise             Necr           100%       1d9       1%          1

Your spell library contained the following spells:

 Spells                   Type           Power      Damage    Failure   Level
 Vampiric Draining        Necr           28%        2d8       4%          3
 Animate Dead             Necr           28%        N/A       13%         4
 Agony                    Necr           28%        N/A       36%         5


Dungeon Overview and Level Annotations

Branches:
Dungeon (2/15)

Altars:

Annotations:
D:2 Natasha


Innate Abilities, Weirdness & Mutations

You have a pair of small antennae on your head.
You may rarely emit foul miasma when damaged in melee.
You have a small tail.


Message History

An adder comes into view.
The adder hisses angrily.
Your magical contamination has completely faded away.
The adder closely misses you. The adder barely misses you.
Casting: Necrotise (safe; 1% risk of failure)
Confirm with . or Enter, or press ? or * to list all spells.
Aiming: Necrotise (safe; 1% risk of failure)
Press: ? - help, Shift-Dir - straight line, f/p - gnoll
Aim: a gnoll, wielding a +0 flail (heavily wounded, chance to affect: 88%)
The adder writhes in agony.
The adder completely misses you. The adder closely misses you.
The adder attacks as you move away! The adder completely misses you.
Casting: Necrotise (safe; 1% risk of failure)
Confirm with . or Enter, or press ? or * to list all spells.
Aiming: Necrotise (safe; 1% risk of failure)
Press: ? - help, Shift-Dir - straight line, f/p - gnoll
Aim: a gnoll, wielding a +0 flail (heavily wounded, chance to affect: 88%)
The adder writhes in agony.
The adder closely misses you. The adder bites you.
Casting: Necrotise (safe; 1% risk of failure)
Confirm with . or Enter, or press ? or * to list all spells.
Aiming: Necrotise (safe; 1% risk of failure)
Press: ? - help, Shift-Dir - straight line, f/p - gnoll
Aim: a gnoll, wielding a +0 flail (heavily wounded, chance to affect: 88%)
The adder barely resists.
The gnoll hits you but does no damage. The adder bites you but does no damage.
Natasha, Servant of Life and Death comes into view.
Casting: Necrotise (safe; 1% risk of failure)
Confirm with . or Enter, or press ? or * to list all spells.
You don't have enough magic to cast this spell.
Found a bubbling dark potion.
The adder barely misses you.
The gnoll hits you from afar with a +0 spear.
* * * LOW HITPOINT WARNING * * *
The adder bites you.
* * * LOW HITPOINT WARNING * * *
You are lethally poisoned!
The adder poisons you!
* * * LOW HITPOINT WARNING * * *
You feel sick.
You die...

###.#..###.#
#..#...###..
#..........#
#..###.#.#.#
#.#######..#
#...#......# ...
#..######.###.#.###
###
#..#......#......#.
#(.#.####.#)#.#.###
#..#h# #...###...#
#..#{# #.###.###.#
#.@#.# #..........
#..#.# ##########.
J# #..S.# ## ..#
#.##.# #.. .!. #g#
#.# #.## #g# ##?##
#. #.# ##...# #
#.## #....# #..##


You could see a gnoll and an adder.

Vanquished Creatures
  Natasha (D:2)
  5 gnolls (D:2)
  3 adders (D:2)
  A worm (D:2)
  An orc (D:2)
  2 bats (D:2)
  4 endoplasms
  2 giant cockroaches (D:1)
  A goblin (D:2)
  3 hobgoblins (D:1)
  A kobold (D:2)
  A quokka (D:2)
  3 ball pythons (D:1)
  3 frilled lizards
  3 rats
34 creatures vanquished.

Notes
Turn   | Place    | Note
-------+----------+-------------------------------------------
     0 | D:1      | PaiMei the Demonspawn Necromancer began the quest for the
                  | Orb.
     0 | D:1      | Reached XP level 1. HP: 13/13 MP: 3/3
   246 | D:1      | Discovered your monstrous ancestry.
   246 | D:1      | Gained mutation: You have a small tail. [demonic ancestry]
   246 | D:1      | Reached XP level 2. HP: 19/19 MP: 1/5
   815 | D:2      | Gained mutation: You have a pair of small antennae on your
                  | head. [demonic ancestry]
   815 | D:2      | Reached XP level 3. HP: 24/25 MP: 1/6
  1008 | D:2      | Reached skill level 1 in Fighting
  1071 | D:2      | Gained mutation: You may rarely emit foul miasma when
                  | damaged in melee. [demonic ancestry]
  1071 | D:2      | Reached XP level 4. HP: 32/32 MP: 3/7
  1309 | D:2      | Noticed Natasha
  1323 | D:2      | Killed Natasha
  1324 | D:2      | Reached skill level 5 in Necromancy
  2009 | D:2      | HP: 1/33 [gnoll/+0 flail (13)]
  2020 | D:2      | HP: 1/33 [gnoll/+1 flail of protection (2)]
  2068 | D:2      | Noticed Natasha
  2071 | D:2      | HP: 1/33 [poisoned by an adder]
  2072 | D:2      | Succumbed to an adder's poison

Illustrated notes

Levels and vault maps discovered:
D:1:      heliophobic_arrival_battle_scene, layout_loops_ring
D:2:      layout_loops_ring, chequers_jeans, minmay_indecisive_spiral,
          uniq_natasha

Skill      XL: |  1  2  3  4 |
---------------+-------------+-----
Stealth        | 2 |  2.0
Dodging        | 2 |  2.8
Fighting       | 1 |  1.9
Necromancy     | 5 |  5.1
Spellcasting   | |  2.9

Action                     |  1- 3 |  4- 6 || total
---------------------------+-------+-------++-------
  Melee: Unarmed           |     5 |       ||     5
   Cast: Necrotise         |    39 |    37 ||    76
 Armour: Robe              |     2 |     3 ||     5
  Dodge: Dodged            |     8 |    20 ||    28
